 Dungeon Crawl Stone Soup version 0.27.1-34-g3ba077fa99 (webtiles) character file.

Game seed: 11534187495230029041

12409 squill the Destroyer (level 11, 0/82 HPs)
             Began as a Hill Orc Conjurer on Jan 8, 2022.
             Was a High Priest of Hepliaklqana.
             Slain by an eight-headed hydra (8 damage)
             ... on level 1 of the Lair of Beasts.
             The game lasted 00:45:44 (13007 turns).

squill the Destroyer (Hill Orc Conjurer)           Turns: 13007, Time: 00:45:45

Health: 0/82       AC: 12    Str: 11    XL:     11   Next: 92%
Magic:  17/21      EV: 10    Int: 27    God:    Hepliaklqana [*****.]
Gold:   641        SH:  8    Dex: 13    Spells: 8/24 levels left

rFire    . . .     SeeInvis .   M - +3 war axe (vamp)
rCold    . . .     Faith    .   C - +3 warlock's mirror {reflect}
rNeg     + . .     Spirit   .   K - +1 ring mail {Will+}
rPois    .         Reflect  +   t - +0 helmet
rElec    .         Harm     .   o - scarf {+Inv}
rCorr    .         Rampage  .   c - +2 pair of gloves "Luaxaz" {Regen+ Dex+4}
Will     +....                  L - +0 pair of boots
Stlth    +.........             F - amulet of magic regeneration
HPRegen  1.23/turn              D - ring of positive energy
MPRegen  0.42/turn              f - +6 ring of intelligence

@: no status effects
A: reduced essence
a: Renounce Religion, Evoke Invisibility, Recall Ancestor, Ancestor Identity,
Transference, Idealise


You were on level 1 of the Lair of Beasts.
You worshipped Hepliaklqana.
Hepliaklqana was extremely pleased with you.
You visited 2 branches of the dungeon, and saw 11 of its levels.

You collected 652 gold pieces.
You spent 11 gold pieces at shops.

Inventory:

Hand Weapons
 E - a +2 whip of flaming
 I - a +0 war axe of flaming
 M - a +3 vampiric war axe (weapon)
Missiles
 a - 3 throwing nets
Armour
 c - the +2 pair of gloves "Luaxaz" (worn) {Regen+ Dex+4}
   (You acquired it on level 9 of the Dungeon)

   Dex:       It affects your dexterity (+4).
   Regen:     It increases your rate of health regeneration.
 o - a scarf of invisibility (worn)
 t - a +0 helmet (worn)
 C - the +3 warlock's mirror (worn) {reflect}
   (You took it off an orc on level 4 of the Dungeon)

   It can block and reflect piercing ranged attacks and magical attacks against
   the wielder's willpower.
 K - a +1 ring mail of willpower (worn)
 L - a +0 pair of boots (worn)
Jewellery
 b - an amulet of the acrobat
 f - a +6 ring of intelligence (right hand)
 q - a ring of fire
 D - a ring of positive energy (left hand)
 F - an amulet of magic regeneration (around neck)
 J - a ring of see invisible
 R - a ring of resist corrosion
Wands
 N - a wand of digging (6)
 O - a wand of paralysis (13)
Scrolls
 d - a scroll of enchant armour {unknown}
 g - 2 scrolls of magic mapping
 i - 3 scrolls of teleportation
 j - 4 scrolls of fear
 m - a scroll of vulnerability
 n - 2 scrolls of immolation
 s - a scroll of amnesia {unknown}
 u - 2 scrolls of fog
 v - a scroll of silence {unknown}
 y - a scroll of holy word {unknown}
 B - 2 scrolls of identify
 P - 2 scrolls of blinking {unknown}
Potions
 e - 2 potions of heal wounds {unknown}
 h - a potion of attraction {unknown}
 k - 2 potions of haste {unknown}
 l - 3 potions of flight {unknown}
 p - 5 potions of lignification {unknown}
 r - 2 potions of brilliance
 w - 9 potions of curing
 x - a potion of magic {unknown}
 z - 3 potions of berserk rage {unknown}
 A - 3 potions of resistance
 G - 3 potions of mutation {unknown}
 H - a potion of cancellation
 Q - a potion of might {unknown}


   Skills:
 - Level 7.3 Fighting
 * Level 8.1 Axes
 - Level 5.0 Armour
 - Level 1.5 Dodging
 - Level 1.9 Stealth
 - Level 4.0 Shields
 + Level 7.0 Spellcasting
 + Level 9.7 Conjurations
 * Level 3.7 Hexes
 - Level 3.6 Air Magic
 - Level 3.9 Poison Magic
 - Level 1.2 Invocations
 + Level 4.0 Evocations


You had 8 spell levels left.
You knew the following spells:

 Your Spells              Type           Power      Damage    Failure   Level
a - Magic Dart            Conj           100%       1d8       1%          1
b - Searing Ray           Conj           100%       3d7       1%          2
c - Orb of Destruction    Conj           29%        9d11      89%         7
d - Mephitic Cloud        Conj/Pois/Air  40%        N/A       3%          3
e - Tukima's Dance        Hex            29%        N/A       9%          3

Your spell library contained the following spells:

 Spells                   Type           Power      Damage    Failure   Level
 Dazzling Flash           Conj/Hex       92%        N/A       2%          3
 Poisonous Vapours        Pois/Air       60%        N/A       4%          2
 Sting                    Tmut/Pois      80%        1d7       5%          1
 Fulminant Prism          Conj/Hex       23%        3d13      8%          4
 Corpse Rot               Necr/Air       N/A        N/A       9%          2
 Iskenderun's Mystic Bla  Conj/Tloc      35%        2d8       17%         4
 Sublimation of Blood     Necr           4%         N/A       19%         2
 Summon Guardian Golem    Hex/Summ       19%        N/A       19%         3
 Ignite Poison            Fire/Tmut/Pois 16%        N/A       22%         3
 Olgreb's Toxic Radiance  Pois           31%        N/A       26%         4
 Irradiate                Conj/Tmut      17%        3d19      43%         5
 Freezing Cloud           Conj/Ice/Air   16%        6-21      50%         5
 Bolt of Magma            Conj/Fire/Erth 13%        4d8       67%         5
 Petrify                  Tmut/Erth      9%         N/A       77%         4
 Summon Mana Viper        Hex/Summ       19%        N/A       86%         5
 Starburst                Conj/Fire      17%        6d6       95%         6
 Spellforged Servitor     Conj/Summ      17%        N/A       100%        7
 Shatter                  Erth           4%         3d8*      100%        9


Dungeon Overview and Level Annotations

Branches:
Dungeon (10/15)            Temple (0/1) D:4            Lair (1/6) D:10
    Orc: D:9-12

Altars:
Ashenzari
Cheibriados
Dithmenos
Gozag
Hepliaklqana
Makhleb
Sif Muna
Trog
Vehumet
Zin

Shops:
D:2 !


Message History

You block the eight-headed hydra's attack.
The eight-headed hydra bites you!
The eight-headed hydra bites you but does no damage.
The eight-headed hydra bites you.
The eight-headed hydra closely misses you.
The eight-headed hydra bites you!
The eight-headed hydra bites you but does no damage. x2
The searing ray hits the eight-headed hydra!
The eight-headed hydra is severely wounded.
You finish channeling your searing ray.
The eight-headed hydra bites you but does no damage.
The eight-headed hydra bites you!
The eight-headed hydra barely misses you.
The eight-headed hydra bites you but does no damage.
The eight-headed hydra completely misses you.
The eight-headed hydra barely misses you.
The eight-headed hydra bites you! The eight-headed hydra bites you.
Pinky hits the eight-headed hydra with a +0 dagger of draining!
Casting: Searing Ray (safe; 1% risk of failure)
Confirm with . or Enter, or press ? or * to list all spells.
Aiming: Searing Ray (safe; 1% risk of failure)
Press: ? - help, Shift-Dir - straight line, f - basilisk, p - eight-headed hydra
Aim: a basilisk (heavily wounded, 79% to hit)
The searing ray hits the eight-headed hydra!
The eight-headed hydra is almost dead.
The searing ray hits the basilisk!
The basilisk is almost dead. (Press . to maintain the ray.)
The eight-headed hydra bites you but does no damage.
You block the eight-headed hydra's attack.
The eight-headed hydra bites you!
* * * LOW HITPOINT WARNING * * *
You block the eight-headed hydra's attack.
The eight-headed hydra bites you!
* * * LOW HITPOINT WARNING * * *
The eight-headed hydra closely misses you.
The eight-headed hydra bites you.
* * * LOW HITPOINT WARNING * * *
The eight-headed hydra bites you!
You die...

#...............##..#.........'..
####.#..........##.##....P)...##.
# ###..)..........#.###P.#'#####
#..........###### ####..#
#####.#.##.# ##.## ##..#### #..#
##.#+#.#### ##.#
#.......RP.#########..#####
.......l.D@................
#=.......##.#########.##### #
#........# ## #.# # #......>.#
##.# # #........# #..# #.....$...
#..# ......... ##..# ## #..##.#
#...# .# ##..#


You could see the friendly pinky the hexer, an eight-headed hydra (ally target)
and a basilisk.

Vanquished Creatures
  2 two-headed ogres
  The ghost of ticklebelly the Cleaver, a novice MiBe of Trog (D:5)
  An orc knight (D:9)
  A cane toad (Lair:1)
  A rime drake (Lair:1)
  A komodo dragon (D:7)
  2 blink frogs (Lair:1)
  Sigmund (D:2)
  11 yaks
  2 basilisks (Lair:1)
  A wyvern (D:9)
  Menkaure (D:6)
  2 vampire mosquitoes (D:10)
  A warg (D:9)
  A water moccasin (D:8)
  A hornet zombie (D:6)
  5 ice beasts
  5 orc warriors
  3 ogres
  3 wolves (Lair:1)
  3 centaurs
  A phantom (D:5)
  A kobold brigand (D:6)
  2 bullfrogs
  A gnoll sergeant (D:9)
  4 killer bees (D:9)
  A howler monkey (D:4)
  A centaur zombie (D:9)
  A hound (D:5)
  6 orc priests
  A jelly (D:7)
  3 hexers (D:10)
  3 orc wizards
  2 killer bee zombies
  A hound skeleton (D:4)
  Robin (D:3)
  A howler monkey zombie (D:9)
  7 adders
  6 gnolls
  A worm (D:2)
  A dart slug (D:1)
  25 orcs
  7 endoplasms
  3 giant cockroaches (D:2)
  9 goblins
  7 hobgoblins
  6 jackals (D:1)
  A quokka (D:1)
  7 ball pythons
  3 bats
  5 frilled lizards
  8 kobolds
  6 rats
181 creatures vanquished.

Vanquished Creatures (collateral kills)
  Pikel (D:5)
  A cane toad (Lair:1)
  A komodo dragon (Lair:1)
  A troll (D:9)
  2 blink frogs (Lair:1)
  5 yaks
  A wraith (D:9)
  A vampire mosquito (D:10)
  A water moccasin (D:5)
  A sky beast (D:8)
  2 orc warriors
  A black bear (D:5)
  An ogre (D:7)
  Blork the orc (D:6)
  2 bullfrogs
  A gnoll sergeant (D:7)
  A scorpion (D:3)
  2 killer bees (D:9)
  An orc priest (D:4)
  A jelly (D:7)
  3 orc wizards
  A hound skeleton (D:4)
  A howler monkey zombie (D:9)
  2 gnolls (D:9)
  3 adders
  A worm (D:3)
  A dart slug (D:2)
  5 orcs
  2 endoplasms
  3 hobgoblins
  3 jackals
  A kobold (D:1)
  2 quokkas (D:3)
  3 frilled lizards (D:1)
  A quokka skeleton (D:4)
  4 rats
64 creatures vanquished.

Vanquished Creatures (others)
  8 hexers
  3 ancestors
  2 fungi (Lair:1)
  11 plants
24 creatures vanquished.

Grand Total: 269 creatures vanquished

Notes
Turn   | Place    | Note
-------+----------+-------------------------------------------
     0 | D:1      | squill the Hill Orc Conjurer began the quest for the Orb.
     0 | D:1      | Reached XP level 1. HP: 14/14 MP: 3/3
   220 | D:2      | Found Liettay's Distillery.
   222 | D:2      | Reached XP level 2. HP: 22/22 MP: 1/4
   284 | D:2      | Bought a potion of degeneration for 11 gold pieces
   295 | D:2      | Reached skill level 1 in Fighting
   409 | D:2      | Reached skill level 1 in Armour
   601 | D:1      | Found a faded altar of an unknown god.
   622 | D:1      | Became a worshipper of Hepliaklqana the Forgotten
   622 | D:1      | Reached * piety under Hepliaklqana
   686 | D:1      | Reached XP level 3. HP: 25/25 MP: 2/5
   941 | D:1      | HP: 1/25 [jackal (2)]
  1462 | D:2      | Learned a level 2 spell: Searing Ray
  1471 | D:2      | Reached XP level 4. HP: 32/32 MP: 1/7
  1715 | D:2      | Noticed Sigmund
  1731 | D:2      | Killed Sigmund
  1732 | D:2      | Reached XP level 5. HP: 7/40 MP: 0/8
  2013 | D:2      | Reached XP level 6. HP: 45/45 MP: 9/9
  2530 | D:3      | Reached skill level 5 in Conjurations
  3199 | D:3      | Noticed Robin
  3211 | D:3      | Killed Robin
  3463 | D:3      | Noticed an ice beast
  3487 | D:3      | Killed an ice beast
  3488 | D:3      | Reached XP level 7. HP: 19/53 MP: 5/11
  3821 | D:4      | Reached ** piety under Hepliaklqana
  3829 | D:4      | Remembered your ancestor pinky as a hexer
  4027 | D:4      | Found an opulent altar of Gozag.
  4318 | D:4      | Found a radiant altar of Vehumet.
  4341 | D:4      | Found a staircase to the Ecumenical Temple.
  4771 | D:4      | Reached skill level 1 in Shields
  4948 | D:5      | Entered Level 5 of the Dungeon
  4952 | D:5      | Noticed Pikel
  4962 | D:5      | Killed Pikel
  4963 | D:5      | Reached skill level 6 in Conjurations
  4963 | D:5      | Reached XP level 8. HP: 50/60 MP: 11/13
  5120 | D:5      | Found a bloodstained altar of Trog.
  5120 | D:5      | Found a broken altar of Ashenzari.
  5120 | D:5      | Found a shadowy altar of Dithmenos.
  5421 | D:5      | Reached skill level 1 in Invocations
  5720 | D:6      | Noticed Blork the orc
  5724 | D:6      | Killed Blork the orc
  5763 | D:6      | Noticed Menkaure
  5770 | D:6      | Killed Menkaure
  5771 | D:6      | Reached skill level 5 in Fighting
  6044 | D:6      | Reached *** piety under Hepliaklqana
  6092 | D:6      | Reached XP level 9. HP: 61/66 MP: 10/15
  6099 | D:6      | Reached skill level 7 in Conjurations
  6140 | D:6      | Reached skill level 5 in Armour
  6700 | D:6      | Found a runed translucent door.
  6700 | D:6      | Noticed ticklebelly's ghost (novice MiBe)
  6889 | D:6      | Found a shimmering blue altar of Sif Muna.
  7620 | D:5      | HP: 2/67 [ticklebelly's ghost (4)]
  7961 | D:5      | Killed ticklebelly's ghost
  7962 | D:5      | Reached skill level 5 in Spellcasting
  8263 | D:7      | Noticed a komodo dragon
  8282 | D:7      | Killed a komodo dragon
  8283 | D:7      | Reached skill level 8 in Conjurations
  8434 | D:7      | Learned a level 7 spell: Orb of Destruction
  8539 | D:7      | Reached skill level 1 in Axes
  8749 | D:7      | Learned a level 3 spell: Mephitic Cloud
  9181 | D:7      | Reached XP level 10. HP: 77/77 MP: 16/18
  9203 | D:7      | Reached skill level 1 in Poison Magic
  9267 | D:7      | Found a snail-covered altar of Cheibriados.
  9294 | D:7      | Reached skill level 1 in Air Magic
 10302 | D:8      | Found a glowing silver altar of Zin.
 10397 | D:8      | Reached **** piety under Hepliaklqana
 10875 | D:9      | Identified a scroll of acquirement
 10875 | D:9      | Acquired the +2 pair of gloves "Luaxaz" {Regen+ Dex+4}
 11164 | D:9      | Reached skill level 9 in Conjurations
 11174 | D:9      | Reached skill level 5 in Axes
 11174 | D:9      | Reached skill level 1 in Evocations
 11282 | D:9      | Noticed a two-headed ogre
 11290 | D:9      | Reached XP level 11. HP: 65/82 MP: 11/20
 11292 | D:9      | Killed a two-headed ogre
 11569 | D:10     | Entered Level 10 of the Dungeon
 11569 | D:10     | Noticed an orc knight
 11803 | D:9      | Killed an orc knight
 11866 | D:10     | Got Sif Muna's Almanac of the Rocks and Enchantment
 11871 | D:10     | Learned a level 3 spell: Tukima's Dance
 11962 | D:10     | Reached skill level 1 in Hexes
 12075 | D:10     | Noticed a two-headed ogre
 12084 | D:10     | Killed a two-headed ogre
 12113 | D:10     | Found a staircase to the Lair.
 12175 | D:10     | Found a burning altar of Makhleb.
 12515 | Lair:1   | Entered Level 1 of the Lair of Beasts
 12544 | Lair:1   | Reached ***** piety under Hepliaklqana
 12865 | Lair:1   | Noticed an eight-headed hydra
 13007 | Lair:1   | Slain by an eight-headed hydra

Illustrated notes

Levels and vault maps discovered:
D:1:      erik_arrival_orb_chamber, layout_rooms, basic_ecumenical_altar,
          minmay_lizard_king
D:2:      layout_rooms, serial_shops, shop, uniq_sigmund
D:3:      layout_loops_ring, minmay_tree_intersection, uniq_robin
D:4:      layout_loops_ring, mainiacjoe_overflow_paths, vehumet_crystals,
          minmay_temple_entry_tees
D:5:      layout_rooms, gammafunk_temple_overflow_claw, uniq_pikel
D:6:      layout_loops_ring, tgw_sif, ebering_ghost_sewer_d, chequers_garden,
          uniq_menkaure, uniq_blork_the_orc
D:7:      layout_basic, kennysheep_mini
D:8:      layout_rooms, zin_statuary
D:9:      layout_roguey
D:10:     layout_loops_cross, mainiacjoe_overflow_brackets, lair_entry_dummy
Lair:1:   layout_roguey

Skill      XL: |  1  2  3  4  5  6  7  8  9 10 11 |
---------------+----------------------------------+-----
Fighting       | 1 3 4 5 7 |  7.3
Armour         | 1 2 3 4 5 |  5.0
Spellcasting   | 2 3 4 5 6 7 |  7.0
Conjurations   | 5 6 8 9 |  9.7
Shields        | 3 4 |  4.0
Invocations    | 1 |  1.2
Axes           | 2 5 8 |  8.1
Poison Magic   | 3 |  3.9
Air Magic      | 3 |  3.6
Evocations     | 1 4 |  4.0
Hexes          | 3 |  3.7
Dodging        | |  1.5
Stealth        | |  1.9

Action                   |  1- 3 |  4- 6 |  7- 9 | 10-12 || total
-------------------------+-------+-------+-------+-------++-------
Melee: Unarmed           |    25 |       |       |       ||    25
       Short sword       |    21 |    95 |     2 |       ||   118
       Spear             |       |       |    48 |       ||    48
       Whip              |       |       |    94 |       ||    94
       War axe           |       |       |    44 |   294 ||   338
 Cast: Magic Dart        |    64 |    12 |    14 |    11 ||   101
       Searing Ray       |     1 |     5 |    21 |    24 ||    51
       Mephitic Cloud    |       |       |       |    18 ||    18
Invok: Ancestor Life: He |       |       |     1 |       ||     1
       Ancestor Identity |       |       |     1 |       ||     1
  Use: Scroll            |       |       |    13 |     3 ||    16
 Stab: Sleeping          |     1 |       |       |       ||     1
       Confused          |       |       |     7 |    12 ||    19
       Distracted        |       |       |     2 |     3 ||     5
       Petrified         |       |       |       |     2 ||     2
       Petrifying        |       |       |       |     1 ||     1
Armor: Robe              |    10 |     4 |       |       ||    14
       Ring mail         |       |    24 |    50 |   114 ||   188
Dodge: Dodged            |    75 |    72 |    81 |   135 ||   363
Block: Buckler           |       |       |    52 |   123 ||   175
       Reflection        |       |       |     2 |     4 ||     6
